 Dungeon Crawl Stone Soup version 0.30-a0-4-ga7cffc901d (webtiles) character file.

Game seed: 10126750863531233880

3257 drugrobin the Fighter (level 9, -2/92 HPs)
             Began as a Demigod Delver on Aug 21, 2022.
             Shot with a bolt by an orc (7 damage)
             ... in a bailey on Aug 22, 2022.
             The game lasted 00:18:44 (7171 turns).

drugrobin the Fighter (Demigod Delver)              Turns: 7171, Time: 00:18:44

Health: -2/92      AC: 11    Str: 25    XL:     9   Next: 40%
Magic:  11/11      EV:  8    Int: 12    God:
Gold:   220        SH:  0    Dex: 15    Spells: 8/8 levels left

rFire   . . .      SeeInvis .    a - +6 short sword (holy)
rCold   . . .      Faith    .    (no shield)
rNeg    . . .      Spirit   .    V - +0 chain mail
rPois   .          Reflect  .    o - +2 hat
rElec   .          Harm     .    U - +0 cloak
rCorr   .          Rampage  .    (no gloves)
Will    .....                    (no boots)
Stlth   ..........               F - amulet of regeneration
HPRegen 1.05/turn                q - +4 ring of slaying
MPRegen 0.12/turn                v - ring of flight

@: flying, studying Polearms
A: high MP 1, forlorn, divine attributes
a: no special abilities


You were in a bailey.
You visited 2 branches of the dungeon, and saw 8 of its levels.
You also visited: Bailey.

You collected 448 gold pieces.
You spent 228 gold pieces at shops.

Inventory:

Hand Weapons
 a - a +6 short sword of holy wrath (weapon)
 b - a +0 rapier
 S - a +1 dagger of venom
Missiles
 l - 46 stones
 s - 10 poisoned darts
 L - 11 boomerangs (quivered)
 R - 3 curare-tipped darts
Armour
 o - a +2 hat (worn)
 y - a +0 ring mail
 B - a +1 robe of cold resistance
 D - a +0 scale mail
 M - a +0 leather armour
 U - a +0 cloak (worn)
 V - a +0 chain mail (worn)
Magical Staves
 i - a staff of conjuration
Jewellery
 k - an amulet of magic regeneration
 q - a +4 ring of slaying (left hand)
 v - a ring of flight (right hand)
 F - an amulet of regeneration (around neck)
Wands
 g - a wand of digging (3)
 O - a wand of flame (8)
 P - a wand of iceblast (5)
Scrolls
 c - a scroll of fog
 d - a scroll of magic mapping
 e - 2 scrolls of fear
 h - 4 scrolls of vulnerability {unknown}
 j - a scroll of butterflies {unknown}
 n - 2 scrolls of enchant armour {unknown}
 r - 2 scrolls of blinking {unknown}
 t - 3 scrolls of teleportation
 w - a scroll of torment {unknown}
 x - 3 scrolls of brand weapon {unknown}
 A - a scroll of enchant weapon {unknown}
 C - 2 scrolls of immolation {unknown}
 T - a scroll of identify {unknown}
Potions
 f - 2 potions of haste
 m - 4 potions of degeneration {unknown}
 p - 2 potions of heal wounds {unknown}
 u - 2 potions of ambrosia
 z - a potion of might
 E - a potion of flight {unknown}
 G - a potion of cancellation {unknown}
 H - a potion of curing
 I - a potion of berserk rage
 J - a potion of lignification {unknown}
 K - a potion of mutation {unknown}
 N - 2 potions of resistance {unknown}
 Q - a potion of magic {unknown}


   Skills:
 + Level 12.8 Fighting
 - Level 1.7 Short Blades
 - Level 1.7 Dodging
 - Level 4.5 Stealth


You had 8 spell levels left.
You didn't know any spells.
Your spell library contained the following spells:

 Spells                   Type           Power      Damage    Failure   Level
 Freeze                   Ice            0%         1d3       95%         1
 Frozen Ramparts          Ice            0%         1d1       100%        3
 Ozocubu's Armour         Ice            0%         N/A       100%        3
 Hailstorm                Conj/Ice       0%         3d3       100%        4
 Fireball                 Conj/Fire      0%         3d3       100%        5
 Starburst                Conj/Fire      0%         6d3       100%        6
 Ozocubu's Refrigeration  Ice            0%         4d7       100%        7
 Ignition                 Fire           0%         3d3       100%        8


Dungeon Overview and Level Annotations

Branches:
Dungeon (7/15)             Temple (1/1) D:4          Bailey (1/1)

Shops:
D:4 *[:**

Annotations:
D:1 Sigmund


Innate Abilities, Weirdness & Mutations

You have an increased reservoir of magic. (+10% MP)
You shall have no god before yourself.
Your divine heritage dramatically boosts your attributes as you level up.


Message History

Found a gate leading back out of this place.
Found a gate leading back out of this place.
An orc warrior comes into view. It is wielding a +0 arbalest.
Unknown command.
An orc warrior and an orc come into view.
The orc warrior shouts!
The orc shouts!
The orc warrior shouts!
You hear a shout!
The orc warrior shoots a bolt.
The bolt barely misses you.
The orc moves out of view.
Found a gate leading back out of this place.
An orc warrior comes into view. It is wielding a +0 arbalest.
The orc warrior shoots a bolt.
The bolt hits you!
The orc warrior shoots a bolt.
The bolt hits you but does no damage.
The orc warrior suddenly complains, as Orcs often do.
The orc warrior shoots a bolt.
The bolt barely misses you.
The orc shoots a bolt.
The bolt hits you!
The orc warrior shoots a bolt.
The bolt hits you!
The orc shoots a bolt.
The bolt completely misses you.
The orc warrior shoots a bolt.
The bolt hits you.
The orc warrior shoots a bolt.
The bolt hits you.
The orc shoots a bolt.
The bolt barely misses you.
The orc warrior shoots a bolt.
The bolt barely misses you.
The orc shoots a bolt.
The bolt hits you!
The orc warrior shoots a bolt.
The bolt hits you!!
* * * LOW HITPOINT WARNING * * *
Unknown command.
Unknown command.
Aiming: Iceblast
Press: ? - help, Shift-Dir - straight line, f - orc warrior
Aim: an orc warrior, wielding a +0 arbalest and wearing a +0 scale mail The mass of ice explodes!
The iceblast engulfs the orc warrior!
The orc warrior is moderately wounded.
The iceblast engulfs the orc warrior.
The orc warrior is moderately wounded.
The iceblast engulfs the orc.
The orc is severely wounded.
The orc warrior shoots a bolt.
The bolt hits you!!
* * * LOW HITPOINT WARNING * * *
The orc shoots a bolt.
The bolt hits you!
You die...

....o.......#
............#
............#
≈≈≈≈≈......# #
#≈≈.....#
.≈##.##≈.....#
......#≈.....#
.≈#∩.##≈.....#
## #@≈.....#
..≈≈≈o≈≈......#
.....oo.......#
#.............#
#.............#
##............#
#............#
#............#
#............#


You could see 2 orc warriors and an orc.

Vanquished Creatures
  Grinder (D:5)
  The ghost of wingedge the Trooper, an amateur MiFi (D:4)
  Eustachio (D:4)
  Menkaure (D:5)
  2 water moccasins (D:5)
  Duvessa (D:5)
  3 orc warriors (Bailey)
  A sky beast (D:6)
  2 ice beasts
  A centaur (D:7)
  2 phantoms
  A kobold brigand (D:7)
  Blork the orc (D:4)
  3 bullfrogs (D:5)
  2 necrophages
  2 scorpions
  Dowan (D:5)
  A howler monkey (D:6)
  3 hounds
  3 orc priests (D:5)
  A jelly (D:6)
  Crazy Yiuf (D:6)
  A gnoll bouda (D:5)
  7 iguanas
  Ijyb (D:5)
  Natasha (thrice) (D:4)
  5 orc wizards
  8 gnolls
  3 adders
  A white imp (D:6)
  2 ufetubi
  A worm (D:4)
  A dart slug (D:4)
  19 orcs
  5 endoplasms
  A giant cockroach (D:2)
  12 hobgoblins
  8 jackals
  4 quokkas
  7 ball pythons
  4 bats
  4 frilled lizards
  5 goblins
  10 kobolds
  4 rats
151 creatures vanquished.

Notes
Turn   | Place    | Note
-------+----------+-------------------------------------------
     0 | D:5      | drugrobin the Demigod Delver began the quest for the Orb.
     0 | D:5      | Reached XP level 1. HP: 18/18 MP: 3/3
     5 | D:5      | Noticed Grinder
    43 | D:6      | Noticed a phantom
    66 | D:6      | Noticed an orc wizard
    97 | D:6      | Noticed a howler monkey
   130 | D:6      | Noticed a jelly
   130 | D:6      | Noticed an ice beast
   170 | D:4      | Noticed wingedge's ghost (amateur MiFi)
   170 | D:4      | Found a runed translucent gate.
   170 | D:4      | Found a runed translucent gate.
   430 | D:4      | Reached skill level 3 in Fighting
   434 | D:4      | Found Ceoduyci's Armour Emporium.
   451 | D:4      | Found Huorr's General Store.
   495 | D:4      | Noticed Blork the orc
   649 | D:4      | Noticed Natasha
   770 | D:4      | Found a staircase to the Ecumenical Temple.
   776 | Temple   | Entered the Ecumenical Temple
   817 | D:4      | Reached XP level 2. HP: 26/26 MP: 4/4
  1000 | D:3      | Identified the +1 plate armour of Rodduse {-Tele Regen+
                  | SInv}
  1759 | D:1      | Reached XP level 3. HP: 30/33 MP: 5/5
  1772 | D:1      | Reached skill level 4 in Fighting
  1999 | D:2      | Noticed Sigmund
  3081 | D:3      | Reached XP level 4. HP: 40/41 MP: 6/6
  3086 | D:3      | Reached skill level 5 in Fighting
  3389 | D:5      | Noticed a water moccasin
  3399 | D:4      | Killed Blork the orc
  3400 | D:4      | Reached XP level 5. HP: 27/48 MP: 7/7
  3451 | D:4      | Found Kamed's General Store.
  3459 | D:4      | Noticed Eustachio
  3479 | D:4      | Killed Eustachio
  3480 | D:4      | Reached skill level 6 in Fighting
  3514 | D:4      | Found Tiesequt's General Store.
  3527 | D:4      | Reached XP level 6. HP: 58/58 MP: 8/8
  3531 | D:4      | Killed Natasha
  3720 | D:4      | Noticed Natasha
  3756 | D:4      | Bought a potion of curing for 36 gold pieces
  3756 | D:4      | Bought a potion of berserk rage for 60 gold pieces
  3756 | D:4      | Bought a scroll of teleportation for 36 gold pieces
  3756 | D:4      | Bought a potion of ambrosia for 96 gold pieces
  3823 | D:4      | Found Wakh's Book Shop.
  3860 | D:4      | Killed Natasha
  3939 | D:4      | Noticed Natasha
  3951 | D:4      | Killed Natasha
  3952 | D:4      | Reached skill level 7 in Fighting
  4026 | D:4      | Found a runed translucent gate.
  4210 | D:5      | Noticed Dowan
  4262 | D:5      | Reached XP level 7. HP: 44/67 MP: 9/9
  4296 | D:5      | Reached skill level 8 in Fighting
  4811 | D:6      | Reached skill level 9 in Fighting
  4901 | D:6      | Found a runed translucent door.
  4902 | D:6      | Noticed Crazy Yiuf
  5152 | D:6      | Reached XP level 8. HP: 78/78 MP: 10/10
  5412 | D:5      | Noticed Duvessa
  5468 | D:5      | Killed Duvessa
  5552 | D:5      | Reached skill level 10 in Fighting
  5681 | D:5      | Killed Dowan
  5715 | D:5      | Killed Grinder
  5782 | D:5      | Reached skill level 11 in Fighting
  5860 | D:5      | Noticed Ijyb
  6002 | D:4      | Killed wingedge's ghost
  6144 | D:5      | Killed Ijyb
  6375 | D:5      | Noticed Menkaure
  6380 | D:5      | Killed Menkaure
  6381 | D:5      | Reached XP level 9. HP: 80/90 MP: 11/11
  6586 | D:6      | Killed Crazy Yiuf
  6673 | D:7      | Reached skill level 12 in Fighting
  6818 | D:7      | Noticed a two-headed ogre
  6905 | D:7      | Found a flagged portal.
  6911 | Bailey   | Entered a bailey
  7171 | Bailey   | Shot with a bolt by an orc

Illustrated notes

Levels and vault maps discovered:
D:1:      amcnicky_arrival_gap_in_the_tavern_cellar, layout_basic,
          minmay_misc_feat_tiny, minmay_tetromino_o4
D:2:      cheibrodos_greedy_goblins, layout_basic,
          ebering_ecumenical_altar_rust, minmay_misc_feat_secret_circle,
          uniq_sigmund
D:3:      layout_basic, evilmike_ruin_ashenzari, nzn_wu_jian_council_hall,
          hangedman_decor_lopped, wander_ebering_terrifying_dragon_lair
D:4:      layout_loops_ring, overflow_temple_1_default,
          nicolae_gozag_seed_capital, zin_statuary,
          gammafunk_temple_overflow_statue, minmay_temple_entry_hall,
          ebering_ghost_rock_garden, serial_shops, kennysheep_mini, shop,
          nicolae_shop_trees, nicolae_inconvenience_store, shop, uniq_natasha,
          uniq_eustachio, uniq_blork_the_orc
D:5:      layout_rooms, minivault_27, uniq_ijyb, uniq_duvessa, uniq_grinder,
          uniq_menkaure
D:6:      layout_loops_ring, minmay_manual_mail, uniq_crazy_yiuf_cottage
D:7:      layout_basic, enter_bailey_3, minmay_misc_feat_more_columns,
          grunt_decor_fettered, hangedman_abyss_or_decor_slice,
          amcnicky_mini_rare_corridor_liquid, uniq_pikel
Temple:   hellmonk_temple_forest_ring
Bailey:   bailey_polearm_2, bailey

Skill      XL: |  1  2  3  4  5  6  7  8  9 |
---------------+----------------------------+-----
Fighting       | 3 4 5 6 7 9 11 12 | 12.8
Short Blades   | |  1.7
Dodging        | |  1.7
Stealth        | |  4.5

Action                   |  1- 3 |  4- 6 |  7- 9 || total
-------------------------+-------+-------+-------++-------
Melee: Short sword       |   174 |    33 |   168 ||   375
       Rapier            |       |    57 |   215 ||   272
       Punch             |       |     2 |     9 ||    11
Throw: Stone             |     2 |       |       ||     2
       Dart              |       |     6 |    11 ||    17
Evoke: Wand              |       |       |     6 ||     6
  Use: Scroll            |       |       |     1 ||     1
 Stab: Sleeping          |    17 |     2 |     1 ||    20
Armor: Leather armour    |    29 |       |       ||    29
       Scale mail        |    24 |    36 |    92 ||   152
       Ring mail         |     4 |       |       ||     4
       Chain mail        |       |       |   105 ||   105
Dodge: Dodged            |    79 |    54 |   208 ||   341

Table legend: (Time is in decaauts)
 A = Elapsed time spent in this place.
 B = Non-inter-level travel time spent in this place.
 C = Inter-level travel time spent in this place.
 D = Time resting spent in this place.
 E = Time spent auto-exploring this place.
 F = Levels seen in this place.
 G = Mean time per level.
                   A        B        C        D        E       F      G
               +--------+--------+--------+--------+--------+-----+--------+
         Total |   7222 |   7092 |    130 |   1008 |   3625 |   9 |  802.4 |
       Dungeon |   6948 |   6818 |    130 |    933 |   3539 |   7 |  992.6 |
        Temple |     12 |     12 |      0 |      0 |      0 |   1 |   12.0 |
        Bailey |    260 |    260 |      0 |     75 |     86 |   1 |  260.0 |
               +--------+--------+--------+--------+--------+-----+--------+

Top non-repeatable levels by time:
     D:4: 1854 daAuts
     D:5: 1317 daAuts
     D:6: 1076 daAuts
     D:2: 955 daAuts
     D:1: 789 daAuts
     D:3: 650 daAuts
     D:7: 304 daAuts
  Bailey: 260 daAuts
  Temple: 12 daAuts
